 Dungeon Crawl Stone Soup version 0.29-a0-11-ga75d3d97ab (webtiles) character file.

Game seed: 110486759133887928

3 oldriver the Insei (level 1, -3/13 HPs)
             Began as an Octopode Transmuter on Jan 29, 2022.
             Slain by a quokka (5 damage)
             ... on level 1 of the Dungeon.
             The game lasted 00:00:12 (205 turns).

oldriver the Insei (Octopode Transmuter)             Turns: 205, Time: 00:00:12

Health: -3/13      AC:  1    Str:  9    XL:     1   Next: 50%
Magic:  2/3        EV: 13    Int: 15    God:
Gold:   0          SH:  0    Dex: 12    Spells: 3/4 levels left

rFire   . . .      SeeInvis .     - Unarmed
rCold   . . .      Faith    .   (no shield)
rNeg    . . .      Spirit   .   (helmet currently unavailable)
rPois   .          Reflect  .   (no amulet)
rElec   .          Harm     .   (no ring)
rCorr   .          Rampage  .   (no ring)
Will    .....                   (no ring)
Stlth   ++........              (no ring)
HPRegen 0.04/turn               (no ring)
MPRegen 0.08/turn               (no ring)
                                (no ring)
                                (no ring)

@: appendages (expiring)
A: tentacle spike 3, almost no armour, amphibious, 8 rings, camouflage 1,
gelatinous body 1, (nimble swimmer 1), tentacles
a: End Transformation


You were on level 1 of the Dungeon.
One of your tentacles had grown a beastly spike.
You visited 1 branch of the dungeon, and saw 1 of its levels.

You aren't carrying anything.


   Skills:
 + Level 1.2 Fighting
 - Level 2.0 Dodging
 - Level 3.0 Unarmed Combat
 - Level 2.0 Spellcasting
 + Level 2.1 Transmutations


You had 3 spell levels left.
You knew the following spells:

 Your Spells              Type           Power      Damage    Failure   Level
a - Beastly Appendage     Tmut           16%        N/A       9%          1

Your spell library contained the following spells:

 Spells                   Type           Power      Damage    Failure   Level
 Wereblood                Tmut           8%         N/A       14%         2
 Spider Form              Tmut/Pois      4%         N/A       38%         3
 Ice Form                 Ice/Tmut       4%         N/A       80%         4


Dungeon Overview and Level Annotations

Branches:
Dungeon (1/15)

Altars:


Innate Abilities, Weirdness & Mutations

One of your tentacles has grown a beastly spike.
You cannot wear most types of armour.
You are amphibious.
You can wear up to eight rings at the same time.
Your skin changes colour to match your surroundings (Stealth+).
Your rubbery body absorbs attacks. (AC +1, EV +1)
((You are camouflaged when in or above water. (Stealth+)))
You have tentacles for arms and can constrict up to eight enemies at once.


Message History

There is an open door here.
You open the door.
There is an open door here.
As you open the door, it creaks loudly!
You hear a shout!
Found a dagger.
There is an open door here.
A hobgoblin comes into view.
A hobgoblin is nearby!
One of your tentacles grows a vicious spike.
No target in view!
No target in view!
No target in view!
A hobgoblin is nearby!
A hobgoblin is nearby!
An endoplasm comes into view.
The hobgoblin closely misses you.
You see here a +0 dagger.
The endoplasm quivers.
You tentacle-slap the hobgoblin. Your grab misses the hobgoblin.
You pierce the hobgoblin.
The hobgoblin is heavily wounded.
A quokka comes into view.
You tentacle-slap the hobgoblin.
You kill the hobgoblin!
You see here a hobgoblin corpse.
Your transformation is almost over.
The endoplasm hits you.
You tentacle-slap the endoplasm.
You pierce the endoplasm, but do no damage.
The endoplasm is moderately wounded.
The endoplasm hits you.
You tentacle-slap the endoplasm.
The endoplasm is almost dead.
The quokka bites you. The endoplasm freezes you.
You are frozen.
* * * LOW HITPOINT WARNING * * *
A ball python comes into view.
The quokka bites you.
You die...

... #....#.# #..+#
######.#.. #...##
#......### #....#
#.######.. .
#....######.....#..#
...
#......##...###.#.##
#..#..8....'#### ##'.
#.......)....## #...
#....r@†...............
#....J.###....##.######
......... ........
........###....##. #
........# ###### #
........# ........#
S......##


You could see an endoplasm, a quokka and a ball python (wandering).

Vanquished Creatures
  An endoplasm (D:1)
  A hobgoblin (D:1)
  A rat (D:1)
3 creatures vanquished.

Notes
Turn   | Place    | Note
-------+----------+-------------------------------------------
     0 | D:1      | oldriver the Octopode Transmuter began the quest for the
                  | Orb.
     0 | D:1      | Reached XP level 1. HP: 13/13 MP: 3/3
   205 | D:1      | Slain by a quokka

Illustrated notes

Levels and vault maps discovered:
D:1:      nicolae_arrival_somewhat_less_tricky_arrival, layout_rooms,
          wander_ebering_terrifying_dragon_lair

Action                   || total
-------------------------++-------
Melee: Unarmed           ||     7
       Kick              ||     3
       Tentacles         ||     1
 Cast: Beastly Appendage ||     2
Dodge: Dodged            ||     1

Table legend: (Time is in decaauts)
 A = Elapsed time spent in this place.
 B = Non-inter-level travel time spent in this place.
 C = Inter-level travel time spent in this place.
 D = Time resting spent in this place.
 E = Time spent auto-exploring this place.
 F = Levels seen in this place.
 G = Mean time per level.
                   A        B        C        D        E       F      G
               +--------+--------+--------+--------+--------+-----+--------+
         Total |    204 |    204 |      0 |      0 |    185 |   1 |  204.0 |
       Dungeon |    204 |    204 |      0 |      0 |    185 |   1 |  204.0 |
               +--------+--------+--------+--------+--------+-----+--------+

Top non-repeatable levels by time:
     D:1: 204 daAuts
